Cogmind - Beta 11.1 @@@ ROGUE MODE // 2022.11.02 @ 00:18:13 Player: Infomantis Result: Destroyed by X-67 Chaingunner with Heavy Machine Gun Performance ------------- Evolutions (5) 2500 Regions Visited (20) 4000 Robots Destroyed (206) 1030 Value Destroyed (8154) 8154 Prototype IDs (69) 1380 Alien Tech Used (1) 200 Bonus (4052) 4052 TOTAL SCORE: 21316 Bonus ------- High Alert Combat Kills 672 Follower Combat Kills 1258 Network Hubs Disabled 200 Aligned with FarCom 300 Met Imprinter 300 Destroyed Z-Imprinter 1000 Met Zhirov 300 Met R17 at Cetus 500 Read Decrypted Archives 300 Friendly Fire -778 Cogmind --------- Core Integrity 0/1000 Matter 127/300 Energy 99/100 System Corruption 3% Temperature Cool (0) Movement Core (50) Location -5/Factory Parts ------- > --- POWER (2) -------- (None) > --- PROPULSION (5) --- (None) > --- UTILITY (7) ------ 0b10 Decoder Chip [Generic] Improved Corruption Screen > --- WEAPON (4) ------- (None) > --- INVENTORY (5) ---- Light Neutrino Core Large Storage Unit Surveybot 24 Scanner Advanced Terrain Scan Processor Surveybot 24 Chip Peak State ------------ > --- POWER ------------ Cold Fusion Reactor Neutrino Core > --- PROPULSION ------- Carbon-fiber Leg Carbon-fiber Leg Carbon-fiber Leg Flexi-carbon Leg Flexi-carbon Leg > --- UTILITY ---------- Advanced Cooling System Large Storage Unit 0b10 Decoder Chip [Generic] Targeting Computer Precision Matter Filter Centrium Medium Armor Plating Improved Corruption Screen > --- WEAPON ----------- Advanced KE Penetrator Advanced KE Penetrator Advanced KE Penetrator Tesla Bomb Launcher > --- INVENTORY -------- Quantum Reactor Carbon-fiber Leg Carbon-fiber Leg Experimental Heat Sink Surveybot 24 Scanner Advanced Terrain Scan Processor Surveybot 24 Chip Cloak of Protection Centrium Medium Armor Plating Improved Hardlight Generator Authchip [Armor] PSU Rigger Heavy Plasma Cannon Compact Ion Cannon Phasing Sabre [Rating: 106] Favorites ----------- Power Zionite Light DM Reactor Engine Improved Ion Engine Power Core Light Nuclear Core Reactor Zionite Light DM Reactor Propulsion Improved Titanium Leg Treads Light Treads Leg Improved Titanium Leg Wheel Compact Wheel Hover Unit Zionite Glidesys I Utility Large Storage Unit Device Improved Heat Sink Storage Large Storage Unit Processor Experimental Core Analyzer Hackware Hacking Suite Protection Hardened Medium Armor Plating Weapon Enhanced Autogun Energy Gun Arc Projector Energy Cannon Heavy Plasma Cannon Ballistic Gun Enhanced Autogun Launcher Improved Grenade Launcher Special Weapon Remote Datajack Impact Weapon Heavy Flail Slashing Weapon Phasing Sabre Special Melee Weapon Datajack Build | -11 -10 -10 -9 -9 -9 -8 -8 -8 -7 -7 -7 -7 -7 -6 -6 -6 -6 -6 -6 -5 ------- Run | Scr Mat Min Mat Min Exi Min Mat Sto Fac Low Low Zio Dee Pro Fac Ext Cet Arc Hub Fac Slots Evolved 10 | . . . 2 . . . 2 . 2 . . . . . 2 . . . . 2 Power 1 | . . . . . . . . . . . . . . . . . . . . 1 Propulsion 3 | . . . . . . . 2 . . . . . . . . . . . . 1 Utility 5 | . . . 1 . . . . . 2 . . . . . 2 . . . . . Weapon 1 | . . . 1 . . . . . . . . . . . . . . . . . Parts Attached 253 | 8 6 5 16 2 2 4 9 15 10 5 3 8 29 11 21 22 38 2 4 33 Power 24 | 1 2 2 2 . . 1 . 3 1 . 1 . 2 . 1 2 3 . . 3 Engine 12 | 1 2 2 2 . . 1 . 1 . . . . . . . 2 1 . . . Core 7 | . . . . . . . . 2 1 . 1 . 1 . . . . . . 2 Reactor 5 | . . . . . . . . . . . . . 1 . 1 . 2 . . 1 Propulsion 83 | 3 . 2 5 . 1 . 4 3 4 . . 2 11 2 5 9 17 . 2 13 Treads 10 | 2 . . 3 . 1 . . . . . . . . . . . 4 . . . Leg 65 | . . . . . . . 3 3 4 . . 2 9 2 5 9 13 . 2 13 Wheel 5 | 1 . 2 1 . . . 1 . . . . . . . . . . . . . Hover 3 | . . . 1 . . . . . . . . . 2 . . . . . . . Flight . | . . . . . . . . . . . . . . . . . . . . . Utility 84 | 2 2 1 6 . . 1 1 3 4 3 1 4 12 5 10 8 8 2 1 10 Device 36 | 1 1 1 . . . 1 . 1 1 1 . . 7 4 7 3 3 1 1 3 Storage 3 | 1 1 . . . . . . . . . . . 1 . . . . . . . Processor 9 | . . . . . . . . . . 1 1 4 . . 2 . . . . 1 Hackware 2 | . . . . . . . . . 1 . . . . . . . . . . 1 Protection 34 | . . . 6 . . . 1 2 2 1 . . 4 1 1 5 5 1 . 5 Artifact . | . . . . . . . . . . . . . . . . . . . . . Weapon 62 | 2 2 . 3 2 1 2 4 6 1 2 1 2 4 4 5 3 10 . 1 7 Energy Gun 17 | 1 . . 1 2 . 1 1 . 1 . . . 3 . . 1 5 . . 1 Energy Cannon 6 | . . . . . . 1 . . . . . . . . . . 2 . 1 2 Ballistic Gun 27 | 1 2 . 2 . . . 1 3 . 1 1 1 . 3 5 2 2 . . 3 Ballistic Cannon . | . . . . . . . . . . . . . . . . . . . . . Launcher 6 | . . . . . . . 1 2 . 1 . . . 1 . . . . . 1 Special Weapon 1 | . . . . . . . . . . . . 1 . . . . . . . . Impact Weapon 2 | . . . . . . . 1 1 . . . . . . . . . . . . Slashing Weapon 2 | . . . . . . . . . . . . . 1 . . . 1 . . . Piercing Weapon . | . . . . . . . . . . . . . . . . . . . . . Special Melee Weapon 1 | . . . . . 1 . . . . . . . . . . . . . . . Unidentified Prototypes 25 | . 1 . 1 . . . . 1 . 1 . 4 10 . . . 4 . 1 2 Corrupted Parts 1 | . . . . . . . . . . . . . . . . . . . . 1 System Corruption 3 | . . . . . . . . . . . . . . . . . . . . 3 Parts Lost 51 | . 1 2 1 . . . . 1 . . . 1 4 8 1 4 8 . . 20 Power 8 | . 1 1 . . . . . 1 . . . . 1 . . . 2 . . 2 Propulsion 15 | . . 1 1 . . . . . . . . . . 2 . 2 . . . 9 Utility 15 | . . . . . . . . . . . . 1 2 2 1 1 3 . . 5 Weapon 13 | . . . . . . . . . . . . . 1 4 . 1 3 . . 4 Highest Loss Streak 18 | . 1 1 1 . . . . 1 . . . 1 4 4 1 1 7 . . 18 To Critical Strikes 3 | . . . . . . . . . . . . . . . . . 3 . . . Average Slot Usage (%) 97 | . 99 97 99 100 100 91 98 99 98 99 95 99 95 93 91 99 95 100 100 93 Engine 3 | . 13 12 11 11 11 10 9 4 . . . . . . . 2 2 . . . Core 2 | . . . . . . . . 4 7 7 7 7 4 . . . . . . 4 Reactor 1 | . . . . . . . . . . . . . 2 7 6 3 2 6 6 5 Treads 5 | . 28 22 8 22 22 22 2 . . . . . . . . . 1 . . . Leg 20 | . . . . . . . 23 35 29 29 28 28 28 27 25 24 21 25 25 25 Device 9 | . 14 14 11 11 11 11 9 9 7 7 7 5 4 11 17 11 10 13 12 7 Storage 7 | . 14 14 11 11 11 11 9 9 7 7 7 7 7 7 6 6 6 6 6 4 Processor 6 | . . . . . . . . . . 5 7 8 9 7 12 18 12 12 12 13 Protection 9 | . . . 11 11 11 11 9 9 14 14 14 14 10 4 . 6 11 10 12 8 Energy Gun 6 | . 6 . 6 11 11 3 9 9 7 7 7 7 8 11 . 4 8 6 6 4 Ballistic Gun 13 | . 21 28 26 22 16 11 7 14 15 12 10 12 12 6 15 13 6 6 6 12 Launcher 1 | . . . . . . . 4 2 . 2 7 7 4 2 . . . . . 1 Slashing Weapon 1 | . . . . . . . . . . . . . 1 7 6 6 5 6 . . Naked Turns . | . . . . . . . . . . . . . . . . . . . . . Heaviest Build 89 | 13 32 32 42 40 40 43 52 53 52 54 60 60 60 56 56 64 73 70 70 89 Greatest Support 160 | 40 40 40 40 40 40 40 60 80 80 76 76 78 78 88 88 84 160 70 70 87 Greatest Overweight (x) 12 | . . 1 12 . . 1 2 . . . . . . . . 1 1 . . 2 Average Overweight (x) . | . . . . . . . . . . . . . . . . . . . . . Largest Inventory Capacity 15 | 8 15 15 15 15 15 15 15 15 15 15 15 15 15 15 15 15 15 15 15 15 Average Capacity 14 | 7 11 15 15 15 15 15 15 15 15 15 15 15 15 15 15 15 15 15 15 14 Most Carried 15 | 8 13 15 15 15 15 15 15 15 15 15 15 15 15 15 15 15 15 15 15 15 Average Carried 14 | 5 9 14 14 14 14 15 14 14 14 15 14 14 14 13 14 14 14 15 15 14 Final Capacity 15 | 8 15 15 15 15 15 15 15 15 15 15 15 15 15 15 15 15 15 15 15 5 Final Carried 15 | 8 13 15 15 15 15 15 15 15 15 15 15 15 15 12 15 15 15 15 15 5 Class Distribution -------------------- 19% | Scavenger-Tank 18% | Commander-Tank 17% | Mutant 12% | Scavenger-Gunner 11% | Scavenger-Mutant 10% | Commander-Mutant 5% | Gunner Dominant Class ---------------- Mutant | -10/Materials Mutant | -10/Mines Scavenger-Tank | -9/Materials Scavenger-Tank | -9/Mines Scavenger-Mutant | -9/Exiles Scavenger-Mutant | -8/Mines Mutant | -8/Materials Skirmisher | -8/Storage Commander-Tank | -7/Factory Commander-Tank | -7/Lower Caves Commander-Mutant | -7/Lower Caves Commander-Mutant | -7/Zion Commander-Tank | -7/Deep Caves Gunner | -6/Proximity Caves Scavenger-Gunner | -6/Factory Scavenger-Gunner | -6/Extension Scavenger-Tank | -6/Cetus Scavenger-Mutant | -6/Archives Scavenger-Tank | -6/Hub_04(d) Scavenger-Tank | -5/Factory Resources | -11 -10 -10 -9 -9 -9 -8 -8 -8 -7 -7 -7 -7 -7 -6 -6 -6 -6 -6 -6 -5 ----------- Run | Scr Mat Min Mat Min Exi Min Mat Sto Fac Low Low Zio Dee Pro Fac Ext Cet Arc Hub Fac Matter Collected 5993 | 304 247 186 367 96 . 111 . 649 235 121 65 11 591 333 515 802 500 10 90 760 Remotely . | . . . . . . . . . . . . . . . . . . . . . Salvage Created 10127 | 60 609 209 567 182 . 297 48 1257 139 78 . . 439 611 715 1294 845 35 254 2488 Parts 548 | 6 36 23 33 10 . 14 9 76 12 7 . . 35 26 37 59 45 3 21 96 Haulers Intercepted 6 | . 2 . 2 . . . . . . . . . . . . . . . . 2 Recyclers Shooed 11 | 1 2 . . . . . . 1 . . . . . . 4 1 . . . 2 Parts Field Recycled . | . . . . . . . . . . . . . . . . . . . . . Retrieved Matter . | . . . . . . . . . . . . . . . . . . . . . Parts Self-Destructed 34 | . . . . . . . . . . 13 2 . . 19 . . . . . . Prevented 1 | . . . . . . . . . . 1 . . . . . . . . . . Kills | -11 -10 -10 -9 -9 -9 -8 -8 -8 -7 -7 -7 -7 -7 -6 -6 -6 -6 -6 -6 -5 ------- Run | Scr Mat Min Mat Min Exi Min Mat Sto Fac Low Low Zio Dee Pro Fac Ext Cet Arc Hub Fac Combat Hostiles Destroyed 165 | . 10 8 11 3 . 7 3 27 3 2 . . 6 10 11 15 15 . 2 32 Melee 2 | . . . . . . . . . . . . . . 1 . 1 . . . . Guns 133 | . 10 8 11 3 . 4 3 20 3 2 . . 6 8 11 14 9 . . 21 Cannons 12 | . . . . . . 3 . . . . . . . . . . 5 . 2 2 AOE 12 | . . . . . . . . 7 . . . . . 1 . . . . . 4 Classes Destroyed 19 | 2 4 2 2 . . . . 1 1 1 . . 3 . 1 1 . . . 1 Worker 7 | 1 . . . . . . . 2 . . . . . . . . . . 3 1 Builder 6 | . . 1 . . . . . 1 . . . . . . 2 . . . 1 1 Tunneler 3 | 2 . 1 . . . . . . . . . . . . . . . . . . Hauler 6 | . 2 . 2 . . . . . . . . . . . . . . . . 2 Recycler 7 | . 1 . . 2 . . . 1 . . . . . . 1 2 . . . . Mechanic 2 | . . . . . . . . . . . . . . . 1 . . . . 1 Operator 2 | . . . . . . . . 1 . . . . . . . . . . . 1 Watcher 9 | . 1 . 2 . . . . 1 . . . . . . . 1 1 . 3 . Swarmer 33 | . . 6 3 3 . 2 3 7 . 1 . . . . 4 1 3 . . . Grunt 79 | . 10 2 4 . . 6 . 11 1 . . . 2 6 5 7 . . . 25 Brawler 4 | . . . 1 . . . . . . . . . . . . 1 . . . 2 Sentry 19 | . . . 3 . . . . 9 . . . . . 1 1 4 . . . 1 Hunter 9 | . . . . . . . . . . 1 . . . 2 1 . 1 . 2 2 Programmer 7 | . . . . . . . . . 2 . . . . 1 . . 3 . . 1 Heavy 1 | . . . . . . . . . . . . . . . . . . . . 1 Behemoth 2 | . . . . . . . . . . . . . . . . 2 . . . . Cetus Guard 8 | . . . . . . . . . . . . . . . . . 8 . . . Z-Light 5 | . . . . . . . . . . . . . 5 . . . . . . . Master Thief 1 | . . . . . . . . . . . . . 1 . . . . . . . Assembled 1 | . . . . . . . . . . . . . 1 . . . . . . . Savage 1 | . . . . . . . . . . . . . . . . 1 . . . . Best Kill Streak 9 | 2 3 3 7 5 . 3 3 5 1 1 . . 5 4 5 4 5 . 4 9 Combat Bots Only 6 | . 3 3 5 3 . 3 3 5 1 1 . . 5 4 4 3 4 . 2 6 Max Kills in Single Turn 4 | 1 1 2 2 1 . 1 1 3 1 1 . . 2 2 2 1 2 . 4 2 Gunslinging 1 | . . 1 1 . . . . . . . . . . . . . . . . 1 Exploded 3 | . . . . . . . . 3 . . . . . 1 . . . . . 2 Melee 1 | . . . . . . . . . . . . . . 1 . 1 . . . . Uniques/NPCs Destroyed 1 | . . . . . . . . . . . . . 1 . . . . . . . Z-Imprinter (-7/Deep Caves) Combat | -11 -10 -10 -9 -9 -9 -8 -8 -8 -7 -7 -7 -7 -7 -6 -6 -6 -6 -6 -6 -5 -------- Run | Scr Mat Min Mat Min Exi Min Mat Sto Fac Low Low Zio Dee Pro Fac Ext Cet Arc Hub Fac Damage Taken 15313 | . 478 328 244 144 . 278 30 1097 297 165 62 . 1714 1162 859 1265 1728 39 299 5124 Core 1820 | . 46 55 26 . . 34 6 71 31 16 . . 148 54 56 95 139 . 42 1001 Absorbed by Shields 579 | . . . . . . . . . . . . . . . . 309 . . . 270 Redirected to Shielding 138 | . . . . . . . . . . . . . 138 . . . . . . . Regen/Repaired (Parts) 1380 | . . . . . . . . 48 237 . . 605 . . 18 . . . . 472 Core Remaining (%) 75 | 100 . 59 . . . 85 . 86 . . . . . 64 . . . . 60 . Volleys Fired 497 | 8 49 23 26 11 . 17 3 63 16 9 3 5 23 25 38 54 37 2 8 77 Largest 4 | 2 2 2 3 3 . 3 2 3 3 3 3 1 4 3 3 3 3 3 4 4 Hottest 295 | 70 70 46 109 109 . 154 103 128 125 108 113 33 154 156 84 129 200 205 295 260 Shots Fired 1322 | 16 98 46 76 33 . 40 6 148 48 18 9 5 70 63 102 155 100 6 32 251 Gun 1211 | 16 98 46 76 33 . 26 6 143 48 13 9 2 69 59 102 155 75 4 16 215 Cannon 90 | . . . . . . 14 . . . . . . . . . . 25 2 16 33 Launcher 18 | . . . . . . . . 5 . 5 . . 1 4 . . . . . 3 Special 3 | . . . . . . . . . . . . 3 . . . . . . . . Kinetic 877 | 8 70 46 69 22 . 17 3 85 32 8 6 2 46 20 102 121 40 2 8 170 Thermal 362 | 8 28 . 7 11 . 23 3 58 14 . . . 16 . . 34 60 4 24 72 Explosive 15 | . . . . . . . . 5 . 5 . . 1 4 . . . . . . Electromagnetic 26 | . . . . . . . . . 2 5 3 . 7 . . . . . . 9 Phasic 39 | . . . . . . . . . . . . . . 39 . . . . . . Robot Hit Streak 17 | 3 15 4 11 17 . 5 4 16 4 3 2 1 3 6 7 10 16 8 5 11 Robot Miss Streak 9 | 1 4 6 3 1 . 2 1 5 3 2 2 1 9 4 3 6 2 2 2 7 Penetration Max 1 | . . . . . . . . 1 . . . . . . 1 1 1 . . 1 Secondary Targets 19 | . . 3 2 2 . . . 2 . . . . 1 . . 3 2 . . 4 Max Gunslinging Chain 1 | . . 1 1 1 . . . 1 . . . . 1 . . 1 1 . . 1 Shots Hit Robots 797 | 10 67 20 55 25 4 24 4 94 23 6 4 1 18 37 67 101 74 4 12 147 Core Hits 391 | 4 25 12 20 7 . 13 3 49 7 3 2 . 22 20 35 46 36 1 13 73 Critical Kills 13 | . . . . . . . . 1 . . . . . . 1 . 4 . . 7 Critical Parts Destroyed 21 | . . . . . . . . 1 . . . . 1 . . . 3 . 1 15 Critical Strikes 48 | 1 2 . . . . . . 6 . . . . 1 2 1 3 9 . 1 22 Burn 12 | 1 2 . . . . . . 4 . . . . . . . 3 2 . . . Meltdown 1 | . . . . . . . . . . . . . . . . . 1 . . . Destroy 33 | . . . . . . . . 2 . . . . 1 . 1 . 6 . 1 22 Intensify 2 | . . . . . . . . . . . . . . 2 . . . . . . Melee Attacks 38 | . . . . . 4 . 2 . . . . . 1 3 1 24 2 1 . . Impact 2 | . . . . . . . 2 . . . . . . . . . . . . . Slashing 32 | . . . . . . . . . . . . . 1 3 1 24 2 1 . . Piercing . | . . . . . . . . . . . . . . . . . . . . . Sneak Attacks 4 | . . . . . 4 . . . . . . . . . . . . . . . Combat Hostiles . | . . . . . . . . . . . . . . . . . . . . . Follow-up Attacks . | . . . . . . . . . . . . . . . . . . . . . Damage Inflicted 21186 | 123 901 323 861 414 . 496 57 2656 506 128 110 . 593 1166 1647 2589 2207 252 875 5282 Guns 16650 | 123 901 323 861 414 . 295 57 1988 501 128 110 . 455 944 1647 2350 1529 67 97 3860 Cannons 1814 | . . . . . . 185 . . . . . . . . . . 678 62 236 653 Explosions 2107 | . . . . . . . . 641 . . . . 43 126 . . . . 542 755 Melee 553 | . . . . . . . . . . . . . 95 96 . 239 . 123 . . Ramming 62 | . . . . . . 16 . 27 5 . . . . . . . . . . 14 Kinetic 11948 | 46 639 323 774 263 . 212 37 1180 335 92 78 . 293 152 1647 1939 913 30 19 2976 Thermal 5771 | 77 262 . 87 151 . 268 20 808 166 . . . 136 . . 411 1294 99 314 1678 Explosive 810 | . . . . . . . . 641 . . . . 43 126 . . . . . . Electromagnetic 1250 | . . . . . . . . . . 36 32 . 26 . . . . . 542 614 Impact . | . . . . . . . . . . . . . . . . . . . . . Slashing 553 | . . . . . . . . . . . . . 95 96 . 239 . 123 . . Piercing . | . . . . . . . . . . . . . . . . . . . . . Phasic 792 | . . . . . . . . . . . . . . 792 . . . . . . Highest Corruption 4 | . . . . . . . . . 4 4 4 4 . . 1 . 1 1 . 3 Average Corruption 3 | . . . . . . . . . 3 4 4 4 . . 1 . 1 1 . 3 Corruption Purged 2 | . . . . . . . . . . . . . . . 1 . . 1 . . Corruption Blocked 1 | . . . . . . . . . . . . . . . . . . . . 1 Effects 61 | . . . . . . . . . 9 22 10 1 . . . . 3 1 . 15 Message Errors 13 | . . . . . . . . . 4 4 3 . . . . . . . . 2 Matter Fused 17 | . . . . . . . . . 2 9 3 . . . . . . . . 3 Heat Flow Errors 8 | . . . . . . . . . 1 3 1 . . . . . 1 . . 2 Energy Discharges 7 | . . . . . . . . . . 1 3 . . . . . . 1 . 2 Parts Rejected 1 | . . . . . . . . . . . . . . . . . 1 . . . Data Loss (minor) 6 | . . . . . . . . . 1 2 . . . . . . 1 . . 2 Data Loss (major) 3 | . . . . . . . . . . 1 . . . . . . . . . 2 Misfires 2 | . . . . . . . . . . 1 . . . . . . . . . 1 Alerts 3 | . . . . . . . . . 1 1 . 1 . . . . . . . . Weapon Failures 1 | . . . . . . . . . . . . . . . . . . . . 1 Overload Shots . | . . . . . . . . . . . . . . . . . . . . . Overflow Damage 210 | . . . . . . . . 44 . . . . . 57 . 4 1 . 18 86 Projectiles 12 | . . . . . . . . . . . . . . . . . 1 . . 11 Explosions 171 | . . . . . . . . 44 . . . . . 34 . . . . 18 75 Melee 27 | . . . . . . . . . . . . . . 23 . 4 . . . . Knockbacks . | . . . . . . . . . . . . . . . . . . . . . Impact . | . . . . . . . . . . . . . . . . . . . . . Kinetic . | . . . . . . . . . . . . . . . . . . . . . Secondary . | . . . . . . . . . . . . . . . . . . . . . Self-Inflicted Damage 307 | . . . . . . . . . . . . . . 82 . . . . 101 124 Shots 5 | . . . . . . . . . . . . . . 2 . . . . 1 2 Rammed 7 | . . . . . . 4 . . . . . . . . . . . . . 3 Targets Rammed 15 | . . . . . . 4 . 5 2 . . . . . . . . . . 4 Kicked 8 | . . . . . . . . 5 2 . . . . . . . . . . 1 Crushed . | . . . . . . . . . . . . . . . . . . . . . Highest Temperature 425 | 27 138 4 102 287 . 425 . 310 190 258 224 . 339 372 . 115 161 . 172 272 Average Temperature 84 | 13 49 2 32 101 . 137 . 110 67 83 114 . 106 160 . 26 77 . 70 64 Received Heat Transfer 3690 | . 285 36 99 76 . 81 9 522 36 . 45 . 522 327 171 456 189 18 18 800 Effects 15 | . . . . 3 . 3 . 3 . . . . 4 2 . . . . . . Energy Bleed 2 | . . . . . . . . 1 . . . . . 1 . . . . . . Interference 9 | . . . . 3 . 2 . 2 . . . . 2 . . . . . . . Matter Decay 2 | . . . . . . . . . . . . . 1 1 . . . . . . Short Circuit 1 | . . . . . . 1 . . . . . . . . . . . . . . Damage (minor) 1 | . . . . . . . . . . . . . 1 . . . . . . . Siege Activations . | . . . . . . . . . . . . . . . . . . . . . Robots Corrupted 3 | . . . . . . . . . . . . . . . . . . . . 3 Combat Hostiles 3 | . . . . . . . . . . . . . . . . . . . . 3 Parts Fried 5 | . . . . . . . . . . . . . . . . . . . 2 3 Impact Corruptions . | . . . . . . . . . . . . . . . . . . . . . Robots Melted 3 | . . . . . . . . . . . . . . . . . 1 . . 2 Combat Hostiles 3 | . . . . . . . . . . . . . . . . . 1 . . 2 Parts Melted 25 | 1 1 . . . . 1 . 3 1 . . . 2 . . 2 10 . 3 1 Heat Transferred 10486 | 296 925 . 185 333 . 518 37 1702 259 . . . 185 . . 980 2290 137 459 2180 Parts Sabotaged . | . . . . . . . . . . . . . . . . . . . . . Parts Stolen 3 | . . . . . . . . . . . 3 . . . . . . . . . Parts Stripped . | . . . . . . . . . . . . . . . . . . . . . Power Chain Reactions . | . . . . . . . . . . . . . . . . . . . . . Missiles Intercepted . | . . . . . . . . . . . . . . . . . . . . . Alert | -11 -10 -10 -9 -9 -9 -8 -8 -8 -7 -7 -7 -7 -7 -6 -6 -6 -6 -6 -6 -5 ------- Run | Scr Mat Min Mat Min Exi Min Mat Sto Fac Low Low Zio Dee Pro Fac Ext Cet Arc Hub Fac Peak Influence 837 | 15 183 130 362 275 . 137 135 671 724 . . . . . 302 497 277 78 357 837 Initial 277 | . 9 42 50 141 . . 27 56 238 . . . . . 18 108 277 72 27 174 Average 242 | 3 78 89 225 201 . 76 77 418 474 . . . . . 163 173 125 77 91 535 Maximum Alert Level 3 | . . . 1 1 . . . 2 3 . . . . . 1 2 1 . 1 3 Low Security (%) 56 | 100 100 100 40 29 . 100 100 8 . . . . . . 66 71 95 100 94 8 Level 1 18 | . . . 59 70 . . . 26 24 . . . . . 33 12 4 . 5 21 Level 2 21 | . . . . . . . . 65 71 . . . . . . 15 . . . 45 Level 3 3 | . . . . . . . . . 4 . . . . . . . . . . 25 Level 4 . | . . . . . . . . . . . . . . . . . . . . . Level 5 . | . . . . . . . . . . . . . . . . . . . . . High Security . | . . . . . . . . . . . . . . . . . . . . . Max Security . | . . . . . . . . . . . . . . . . . . . . . Squads Dispatched 38 | . 3 1 1 . . . 2 4 7 . . . . . 3 2 . . 1 14 Investigation 20 | . 3 . 1 . . . 2 4 4 . . . . . 1 2 . . . 3 Extermination 5 | . . . . . . . . . 3 . . . . . 1 . . . . 1 Reinforcement 10 | . . . . . . . . . . . . . . . 1 . . . 1 8 Assault 3 | . . 1 . . . . . . . . . . . . . . . . . 2 Garrison . | . . . . . . . . . . . . . . . . . . . . . Intercept . | . . . . . . . . . . . . . . . . . . . . . Searches Triggered . | . . . . . . . . . . . . . . . . . . . . . Construction Impeded 2 | . . . . . . . . . . . . . . . . . . . 1 1 Haulers Reinforced 2 | . . . . . . . . . . . . . . . 1 . . . . 1 Active Scanning Responses . | . . . . . . . . . . . . . . . . . . . . . Cargo Convoy Interrupts 1 | . . . . . . . . . . . . . . . . . . . . 1 Stealth | -11 -10 -10 -9 -9 -9 -8 -8 -8 -7 -7 -7 -7 -7 -6 -6 -6 -6 -6 -6 -5 --------- Run | Scr Mat Min Mat Min Exi Min Mat Sto Fac Low Low Zio Dee Pro Fac Ext Cet Arc Hub Fac Distress Signals 14 | . . . 1 . . . 1 2 2 . . . . . 2 2 3 . 1 . Communications Jammed . | . . . . . . . . . . . . . . . . . . . . . Distress Signals . | . . . . . . . . . . . . . . . . . . . . . Times Spotted 300 | . 13 8 17 7 . 9 7 33 18 6 4 . 12 12 25 31 23 8 6 61 Peak Tracking Total 15 | . 3 3 3 3 . 3 4 5 4 4 4 . 5 4 4 4 5 7 3 15 Tactical Retreats 13 | . . . . . . . . . 2 . . . . 2 3 1 . . . 5 Traps | -11 -10 -10 -9 -9 -9 -8 -8 -8 -7 -7 -7 -7 -7 -6 -6 -6 -6 -6 -6 -5 ------- Run | Scr Mat Min Mat Min Exi Min Mat Sto Fac Low Low Zio Dee Pro Fac Ext Cet Arc Hub Fac Traps Triggered 8 | . . . . . . . 1 1 2 . . . . . . 1 . . . 3 Indirectly 2 | . . . . . . . . . . . . . . . . . . . . 2 Trap Hack Attempts . | . . . . . . . . . . . . . . . . . . . . . Triggered . | . . . . . . . . . . . . . . . . . . . . . Disarmed . | . . . . . . . . . . . . . . . . . . . . . Reprogrammed . | . . . . . . . . . . . . . . . . . . . . . Reused . | . . . . . . . . . . . . . . . . . . . . . Traps Extracted . | . . . . . . . . . . . . . . . . . . . . . Installed . | . . . . . . . . . . . . . . . . . . . . . Triggered 1 | . . . . . . . . . . . . . . . . . . . . 1 Power Sources Rigged 2 | . . . . . . . . . . . . . . . 1 1 . . . . Exploded 1 | . . . . . . . . . . . . . . . . 1 . . . . Machines | -11 -10 -10 -9 -9 -9 -8 -8 -8 -7 -7 -7 -7 -7 -6 -6 -6 -6 -6 -6 -5 ---------- Run | Scr Mat Min Mat Min Exi Min Mat Sto Fac Low Low Zio Dee Pro Fac Ext Cet Arc Hub Fac Machines Disabled 31 | . . . . . . . 1 5 2 1 . . . . . 5 . . 6 11 Max in Single Turn 5 | . . . . . . . 1 1 . 1 . . . . . 1 . . 5 3 Garrison Access 2 | . . . . . . . . 1 . . . . . . . . . . . 1 Network Hub 1 | . . . . . . . . . . . . . . . . . . . 1 . Machines Sabotaged . | . . . . . . . . . . . . . . . . . . . . . Garrisons Compromised 1 | . . . . . . . . . . . . . . . . . . . . 1 Overloaded Fab Kills . | . . . . . . . . . . . . . . . . . . . . . Hacking | -11 -10 -10 -9 -9 -9 -8 -8 -8 -7 -7 -7 -7 -7 -6 -6 -6 -6 -6 -6 -5 --------- Run | Scr Mat Min Mat Min Exi Min Mat Sto Fac Low Low Zio Dee Pro Fac Ext Cet Arc Hub Fac Machines Accessed 67 | . 8 . 4 1 2 . 3 11 7 1 1 . . . 6 11 . 1 1 10 Terminals 37 | . 7 . 2 1 . . 3 7 1 1 . . . . 2 10 . . 1 2 Fabricators 5 | . . . . . . . . . 2 . . . . . 1 . . . . 2 Repair Stations 7 | . . . . . . . . 2 2 . . . . . 1 . . . . 2 Recycling Units 7 | . 1 . 1 . . . . 1 1 . . . . . 1 1 . . . 1 Scanalyzers 3 | . . . 1 . . . . . . . . . . . . . . . . 2 Garrison Access 4 | . . . . . . . . 1 1 . . . . . 1 . . . . 1 Total Hacks 195 | . 20 . 7 3 2 . 9 26 20 1 1 . . . 17 24 . 10 1 54 Successful 108 | . 11 . 7 1 2 . 5 9 12 1 1 . . . 9 6 . 10 1 33 Failed 87 | . 9 . . 2 . . 4 17 8 . . . . . 8 18 . . . 21 Catastrophic 15 | . 1 . . . . . 1 3 1 . . . . . 1 3 . . . 5 Database Lockouts . | . . . . . . . . . . . . . . . . . . . . . Manual 68 | . 9 . 3 3 1 . 3 3 7 . . 4 . . 8 7 . . . 20 Terminals 96 | . 19 . 3 3 . . 9 19 2 1 . . . . 5 22 . . 1 12 Fabricators 23 | . . . . . . . . . 6 . . . . . 6 . . . . 11 Repair Stations 24 | . . . . . . . . 4 6 . . . . . 2 . . . . 12 Recycling Units 14 | . 1 . 1 . . . . 1 3 . . . . . 2 2 . . . 4 Scanalyzers 16 | . . . 3 . . . . . . . . . . . . . . . . 13 Garrison Access 9 | . . . . . . . . 2 3 . . . . . 2 . . . . 2 Terminal Hacks 45 | . 9 . 2 1 2 . 3 4 1 1 1 . . . 1 6 . 10 1 3 Record 12 | . . . . . 1 . . . . 1 . . . . . . . 10 . . Part Schematic 1 | . . . . . . . . 1 . . . . . . . . . . . . Robot Analysis 3 | . 2 . . 1 . . . . . . . . . . . . . . . . Prototype ID Bank 4 | . 3 . . . . . 1 . . . . . . . . . . . . . Open Door 8 | . . . . . . . . 1 . . 1 . . . 1 5 . . . . Branch Access Points 3 | . 1 . 1 . . . . . 1 . . . . . . . . . . . Emergency Access Points 1 | . . . . . . . 1 . . . . . . . . . . . . . Terminal Index 2 | . . . 1 . . . . . . . . . . . . . . . . 1 Alert Level 1 | . . . . . . . . . . . . . . . . . . . . 1 Unreport Threat 2 | . 1 . . . . . . 1 . . . . . . . . . . . . Locate Traps 2 | . 1 . . . . . . . . . . . . . . 1 . . . . Maintenance Status 1 | . . . . . . . . . . . . . . . . . . . . 1 Hauler Manifests 1 | . 1 . . . . . . . . . . . . . . . . . . . Registered Components 1 | . . . . . . . 1 . . . . . . . . . . . . . Zone Layout 2 | . . . . . . . . 1 . . . . . . . . . . 1 . EX-Prototype ID Bank 1 | . . . . . 1 . . . . . . . . . . . . . . . Fabricator Hacks 6 | . . . . . . . . . 1 . . . . . 1 . . . . 4 Network Status 3 | . . . . . . . . . 1 . . . . . 1 . . . . 1 Load Schematic 2 | . . . . . . . . . . . . . . . . . . . . 2 Build 1 | . . . . . . . . . . . . . . . . . . . . 1 Repair Station Hacks 17 | . . . . . . . . 3 4 . . . . . 2 . . . . 8 Scan Component 10 | . . . . . . . . 2 2 . . . . . 1 . . . . 5 Repair 7 | . . . . . . . . 1 2 . . . . . 1 . . . . 3 Recycling Unit Hacks . | . . . . . . . . . . . . . . . . . . . . . Scanalyzer 11 | . . . 3 . . . . . . . . . . . . . . . . 8 Insert Component 5 | . . . 2 . . . . . . . . . . . . . . . . 3 Analyze 6 | . . . 1 . . . . . . . . . . . . . . . . 5 Garrison Access Hacks 2 | . . . . . . . . 1 . . . . . . . . . . . 1 Seal Access 2 | . . . . . . . . 1 . . . . . . . . . . . 1 Unauthorized Hacks 27 | . 2 . 2 . . . 2 1 6 . . . . . 5 . . . . 9 Terminals 8 | . 1 . 1 . . . 2 . . . . . . . 1 . . . . 3 Track 1 | . . . . . . . . . . . . . . . . . . . . 1 Botnet 5 | . 1 . 1 . . . 1 . . . . . . . 1 . . . . 1 Operators 2 | . . . . . . . 1 . . . . . . . . . . . . 1 Fabricators 8 | . . . . . . . . . 4 . . . . . 3 . . . . 1 Report 2 | . . . . . . . . . 1 . . . . . 1 . . . . . Liberate 2 | . . . . . . . . . 1 . . . . . 1 . . . . . Haulers 2 | . . . . . . . . . 1 . . . . . 1 . . . . . Download 1 | . . . . . . . . . 1 . . . . . . . . . . . Recompile 1 | . . . . . . . . . . . . . . . . . . . . 1 Repair Stations 2 | . . . . . . . . . 1 . . . . . . . . . . 1 Mechanics 2 | . . . . . . . . . 1 . . . . . . . . . . 1 Recycling Units 9 | . 1 . 1 . . . . 1 1 . . . . . 1 . . . . 4 Monitor 1 | . . . . . . . . . . . . . . . . . . . . 1 Reject 1 | . . . . . . . . . . . . . . . . . . . . 1 Recyclers 3 | . . . . . . . . 1 . . . . . . 1 . . . . 1 Mask 1 | . . . . . . . . . . . . . . . . . . . . 1 Tunnel 3 | . 1 . 1 . . . . . 1 . . . . . . . . . . . Scanalyzers . | . . . . . . . . . . . . . . . . . . . . . Garrison Access . | . . . . . . . . . . . . . . . . . . . . . Data Cores Recovered 1 | . . . 1 . . . . . . . . . . . . . . . . . Used . | . . . . . . . . . . . . . . . . . . . . . Hacking Detections 47 | . 7 . 3 . . . 1 8 5 . . . . . 5 9 . . 1 8 Full Trace Events 15 | . 3 . . . . . 1 4 2 . . . . . 1 2 . . . 2 Feedback Events 1 | . . . . . . . . . . . . . . . 1 . . . . . Corruption 1 | . . . . . . . . . . . . . . . 1 . . . . . Feedback Blocked . | . . . . . . . . . . . . . . . . . . . . . Robot Schematics Acquired 4 | . . . . . . . . . . . . 4 . . . . . . . . Robots Built . | . . . . . . . . . . . . . . . . . . . . . Authchips . | . . . . . . . . . . . . . . . . . . . . . Time . | . . . . . . . . . . . . . . . . . . . . . Total Robot Build Rating . | . . . . . . . . . . . . . . . . . . . . . Part Schematics Acquired 20 | . . . 1 . . . . 1 . . . 15 . . . . . . . 3 Parts Built . | . . . . . . . . . . . . . . . . . . . . . Authchips 1 | . . . . . . . . . . . . . . . . . . . . 1 Time 204 | . . . . . . . . . . . . . . . . . . . . 204 Total Part Build Rating . | . . . . . . . . . . . . . . . . . . . . . Parts Repaired 7 | . . . . . . . . 1 2 . . . . . 1 . . . . 3 Time 351 | . . . . . . . . 38 66 . . . . . 44 . . . . 203 Parts Recycled . | . . . . . . . . . . . . . . . . . . . . . Recycled Matter . | . . . . . . . . . . . . . . . . . . . . . Retrieved Matter . | . . . . . . . . . . . . . . . . . . . . . Retrieved Components . | . . . . . . . . . . . . . . . . . . . . . Parts Scanalyzed 4 | . . . 1 . . . . . . . . . . . . . . . . 3 Part Schematics Acquired 4 | . . . 1 . . . . . . . . . . . . . . . . 3 Parts Damaged . | . . . . . . . . . . . . . . . . . . . . . Bothacking | -11 -10 -10 -9 -9 -9 -8 -8 -8 -7 -7 -7 -7 -7 -6 -6 -6 -6 -6 -6 -5 ------------ Run | Scr Mat Min Mat Min Exi Min Mat Sto Fac Low Low Zio Dee Pro Fac Ext Cet Arc Hub Fac Used RIF Installer . | . . . . . . . . . . . . . . . . . . . . . Robots Hacked 6 | . . . . . 4 . . . . . . 2 . . . . . . . . Non-combat 3 | . . . . . 3 . . . . . . . . . . . . . . . Combat 3 | . . . . . 1 . . . . . . 2 . . . . . . . . Robot Hacks Applied 6 | . . . . . 4 . . . . . . 2 . . . . . . . . parse_system 6 | . . . . . 4 . . . . . . 2 . . . . . . . . Relay Couplers Released 4 | . . . . . . . . . 4 . . . . . . . . . . . Programmers 4 | . . . . . . . . . 4 . . . . . . . . . . . Fabnet Peak Effective % . | . . . . . . . . . . . . . . . . . . . . . Robots Rewired 10 | . . . . . . . . . . . 1 . . . . 9 . . . . Allies Hacked . | . . . . . . . . . . . . . . . . . . . . . Hacks Repelled . | . . . . . . . . . . . . . . . . . . . . . Allies | -11 -10 -10 -9 -9 -9 -8 -8 -8 -7 -7 -7 -7 -7 -6 -6 -6 -6 -6 -6 -5 -------- Run | Scr Mat Min Mat Min Exi Min Mat Sto Fac Low Low Zio Dee Pro Fac Ext Cet Arc Hub Fac Total Allies 37 | . . 1 . 3 . . . 10 3 . 1 . . . . 19 . . . . Largest Group 13 | . . . 1 3 3 3 . 10 13 10 6 6 6 . . 12 12 . . . Highest-Rated Group 310 | . . . 31 40 40 40 . 173 266 173 145 145 145 . . 310 310 . . . Highest-Rated Ally 159 | . . . 31 31 16 16 . 29 31 29 65 65 65 . . 159 31 . . . Total Orders 2 | . . . . . . . . . 2 . . . . . . . . . . . STAY 1 | . . . . . . . . . 1 . . . . . . . . . . . FOLLOW 1 | . . . . . . . . . 1 . . . . . . . . . . . Ally Attacks 426 | . . 1 24 9 . 18 . 4 100 29 42 . 77 . . 103 19 . . . Total Damage 7736 | . . 20 378 169 . 169 . 50 2033 301 383 . 968 . . 2825 440 . . . Kills 60 | . . . 6 3 . 2 . . 16 4 1 . 10 . . 18 . . . . Allies Corrupted . | . . . . . . . . . . . . . . . . . . . . . Allies Melted 1 | . . . . . . . . . . . . . . . . 1 . . . . Turrets Deployed 1 | . . . . . . . . . . . . . 1 . . . . . . . Intel | -11 -10 -10 -9 -9 -9 -8 -8 -8 -7 -7 -7 -7 -7 -6 -6 -6 -6 -6 -6 -5 ------- Run | Scr Mat Min Mat Min Exi Min Mat Sto Fac Low Low Zio Dee Pro Fac Ext Cet Arc Hub Fac Robot Analysis Total 3 | . 2 . . 1 . . . . . . . . . . . . . . . . Derelict Logs Recovered 8 | . . 2 . 1 . . . . . 2 . 2 . 1 . . . . . . Drone Launches . | . . . . . . . . . . . . . . . . . . . . . Drone Recoveries . | . . . . . . . . . . . . . . . . . . . . . Decoded 0b10 Intel 108 | . . . . . . . . . . . . . . . 8 42 9 3 8 38 Traps 16 | . . . . . . . . . . . . . . . . 10 . . . 6 Emergency Access 9 | . . . . . . . . . . . . . . . 1 2 . . 1 5 Items 54 | . . . . . . . . . . . . . . . 7 21 2 . 4 20 Machines 17 | . . . . . . . . . . . . . . . . 7 3 2 2 3 Patrols 7 | . . . . . . . . . . . . . . . . 1 3 . . 3 Guards 2 | . . . . . . . . . . . . . . . . . . . 1 1 Exits 3 | . . . . . . . . . . . . . . . . 1 1 1 . . Exploration | -11 -10 -10 -9 -9 -9 -8 -8 -8 -7 -7 -7 -7 -7 -6 -6 -6 -6 -6 -6 -5 ------------- Run | Scr Mat Min Mat Min Exi Min Mat Sto Fac Low Low Zio Dee Pro Fac Ext Cet Arc Hub Fac Turns Passed 16317 | 150 791 642 598 482 684 575 344 917 954 934 453 2072 952 969 569 1829 731 155 216 1300 Spaces Moved 10156 | 72 379 370 370 269 418 222 231 462 634 691 333 1617 646 738 342 1122 428 74 141 597 Core 33 | 7 . . 1 . . . . . . . . . . . . . . . . 25 Treads 1798 | 64 379 298 130 269 418 222 . . . . . . . . . . 18 . . . Legs 7986 | . . . . . . . 204 462 634 691 333 1617 646 738 342 1122 410 74 141 572 Wheels 339 | 1 . 72 239 . . . 27 . . . . . . . . . . . . . Hover . | . . . . . . . . . . . . . . . . . . . . . Flight . | . . . . . . . . . . . . . . . . . . . . . Fastest Speed 50 | 50 160 105 105 160 160 160 130 127 125 125 125 125 116 116 115 116 116 120 120 50 Average Speed 129 | 148 160 150 127 160 160 182 130 129 127 125 125 125 123 117 117 119 121 120 120 121 Slowest Speed 650 | 160 160 240 650 160 160 240 270 130 130 125 125 127 130 120 120 205 190 120 120 260 Overloaded Moves . | . . . . . . . . . . . . . . . . . . . . . Propulsion Burnouts . | . . . . . . . . . . . . . . . . . . . . . Robots Hopped . | . . . . . . . . . . . . . . . . . . . . . Cave-ins Triggered . | . . . . . . . . . . . . . . . . . . . . . Exploration Rate (%) 54 | 4 81 89 38 78 70 29 27 73 19 82 60 88 65 85 8 87 58 70 16 16 Regions Visited 20 Branch Regions 14 Pre-discovered Areas 10 | . 1 1 1 . 1 . . . 1 2 . 3 . . . . . . . . Known Exits Taken 6 | . 1 . 1 . . . . . 1 . . . . . 1 . . 1 1 . Unknown Exits Taken 14 | 1 . 1 . 1 1 1 1 1 . 1 1 1 1 1 . 1 1 . . . Scrap Searched 14 | . . 1 . . . 2 . . . 7 2 1 . 1 . . . . . . Spaces Dug 24 | . . . . . . . 2 . . 15 . . . . . 3 . . . 4 Terrain Destroyed 432 | . . . . . . . 2 38 . 65 . . 10 62 4 6 7 1 172 65 Melee 5 | . . . . . . . 2 . . . . . . . . 3 . . . . Projectile 93 | . . . . . . . . 1 . . . . 4 15 3 3 7 1 15 44 AOE 333 | . . . . . . . . 37 . 65 . . 6 47 . . . . 157 21 Terrain Rammed . | . . . . . . . . . . . . . . . . . . . . . Walls Destroyed . | . . . . . . . . . . . . . . . . . . . . . Machines Disabled . | . . . . . . . . . . . . . . . . . . . . . Actions | -11 -10 -10 -9 -9 -9 -8 -8 -8 -7 -7 -7 -7 -7 -6 -6 -6 -6 -6 -6 -5 --------- Run | Scr Mat Min Mat Min Exi Min Mat Sto Fac Low Low Zio Dee Pro Fac Ext Cet Arc Hub Fac Total 12258 | 95 470 410 448 296 433 355 264 665 755 749 362 1649 761 791 428 1458 571 134 169 995 Wait 869 | . 17 7 3 12 . 106 7 104 81 39 5 5 26 8 2 118 9 54 12 254 Move 10136 | 71 378 369 369 268 417 221 230 461 633 690 332 1616 645 737 341 1121 427 73 140 597 Hop . | . . . . . . . . . . . . . . . . . . . . . Pick Up 122 | 8 11 3 14 1 5 . 5 7 5 1 2 5 10 4 7 6 22 . 1 5 Fast Attach 96 | 7 2 1 2 . . 3 5 3 3 3 1 5 17 5 9 6 11 2 1 10 Attach 39 | . 1 2 3 . . . 1 1 3 . . . 4 3 . 1 10 . . 10 Detach 6 | . . 1 . . . . . . . . . . 1 . 1 . 2 . . 1 Swap 120 | 1 3 2 11 2 2 1 3 11 4 3 2 4 8 3 12 15 17 . 3 13 Drop 202 | . 9 2 20 2 5 3 8 10 7 4 . 9 26 3 16 19 34 2 4 19 Fire 497 | 8 49 23 26 11 . 17 3 63 16 9 3 5 23 25 38 54 37 2 8 77 Melee 38 | . . . . . 4 . 2 . . . . . 1 3 1 24 2 1 . . Ram 3 | . . . . . . . . . . . . . . . . . . . . 3 Kick 8 | . . . . . . . . 5 2 . . . . . . . . . . 1 Crush 4 | . . . . . . 4 . . . . . . . . . . . . . . Escape Stasis 10 | . . . . . . . . . 1 . . . . . . 4 . . . 5 Rewire 106 | . . . . . . . . . . . 17 . . . . 89 . . . . Trap 2 | . . . . . . . . . . . . . . . 1 1 . . . . Miscellaneous . | . . . . . . . . . . . . . . . . . . . . . Route ------- -11/Scrapyard -10/Materials (discovered 2 exits: *Mat / *Min) -10/Mines (discovered 2 exits: *Mat x2) -9/Materials -9/Mines (discovered 3 exits: *Mat / *Exi / *Zio) -9/Exiles (discovered 2 exits: [*Min x2]) -8/Mines -8/Materials (discovered 2 exits: *Fac / *Sto) -8/Storage (discovered 2 exits: *Fac / [Rec]) -7/Factory (discovered 2 exits: *Low x2) -7/Lower Caves -7/Lower Caves -7/Zion (discovered 2 exits: [*Dee] / [*Pro]) -7/Deep Caves -6/Proximity Caves -6/Factory (discovered 3 exits: Fac / *Ext x2) -6/Extension (discovered 3 exits: *Fac x2 / [*Cet]) -6/Cetus (discovered 2 exits: *Fac / *Arc) -6/Archives (discovered 2 exits: *Hub x2) -6/Hub_04(d) -5/Factory History --------- Turn | Location | Event 11 | -11/Scrapyard | Discovered new exit (range 15) 151 | -11/Scrapyard | Entered Materials 304 | -10/Materials | Build established: Mutant 599 | -10/Materials | Identified exit to Mines 720 | -10/Materials | Discovered new exit (range 15) 942 | -10/Materials | Entered Mines 1111 | -10/Mines | Found a damaged Exp. Sensor Array with a note attached 1114 | -10/Mines | Found Prototype Device 1297 | -10/Mines | Learned location of Zion (-7) 1316 | -10/Mines | Learned Materials stockpile data 1500 | -10/Mines | Received a Rocket Launcher from a helpful Derelict 1512 | -10/Mines | Discovered new exit (range 15) 1566 | -10/Mines | Discovered new exit (range 13) 1569 | -10/Mines | Met a Derelict testing a Signal Generator 1582 | -10/Mines | Found Signal Generator 1584 | -10/Mines | Entered Materials 1584 | -9/Materials | Accompanied by 1 ally 1584 | -9/Materials | Evolved 2 slots: Utility x1, Weapon x1 1822 | -9/Materials | Identified Exp. Sensor Array 1972 | -9/Materials | Identified exit to Mines 2182 | -9/Materials | Entered Mines 2182 | -9/Mines | Accompanied by 1 ally 2223 | -9/Mines | Build established: Scavenger-Tank 2234 | -9/Mines | Met a Derelict bent on vengeance 2296 | -9/Mines | A Derelict revealed a hidden shortcut to a safe place 2420 | -9/Mines | Learned Materials terminal intel 2457 | -9/Mines | Discovered new exit (range 16) 2474 | -9/Mines | Assembled infested the area 2489 | -9/Mines | Assisted by bots powering up and referring to "LRC-V3" 2559 | -9/Mines | Met 8R-AWN 2630 | -9/Mines | A weapon hastily lodged in a ceiling crevice suddenly fell to the ground 2655 | -9/Mines | Discovered new exit (range 5) 2664 | -9/Mines | Entered Exiles 2664 | -9/Exiles | Accompanied by 3 allies 2685 | -9/Exiles | Discovered new exit (range 15) 2708 | -9/Exiles | Welcomed by 8R-AWN 2733 | -9/Exiles | Met EX-HEX 2776 | -9/Exiles | Met EX-BIN 2802 | -9/Exiles | Aligned with FarCom system 2804 | -9/Exiles | Given EX-Vault access code 2844 | -9/Exiles | Opened EX-Vault 2859 | -9/Exiles | Found PSU Rigger 2867 | -9/Exiles | Found Cloak of Protection 2901 | -9/Exiles | Warned to stay clear of 0b10 Research branches 2982 | -9/Exiles | Found Deploy-a-Sentry 2986 | -9/Exiles | Found Deploy-a-Sentry 2991 | -9/Exiles | Found Deploy-a-Sentry 3107 | -9/Exiles | Learned about 8R-AWN's background 3219 | -9/Exiles | Met EX-DEC 3276 | -9/Exiles | Build established: Scavenger-Mutant 3331 | -9/Exiles | Discovered new exit (range 14) 3348 | -9/Exiles | Stole three prototypes: Cloak of Protection, PSU Rigger, Deploy-a-Sentry 3348 | -9/Exiles | Entered Mines 3348 | -8/Mines | Accompanied by 3 allies 3866 | -8/Mines | Discovered new exit (range 9) 3923 | -8/Mines | Entered Materials 3923 | -8/Materials | Evolved 2 slots: Propulsion x2 3924 | -8/Materials | Loaded intel: 12 terminal locations 4159 | -8/Materials | Discovered new exit (range 16) 4205 | -8/Materials | Build established: Mutant 4214 | -8/Materials | Discovered new exit (range 16) 4267 | -8/Materials | Entered Storage 4487 | -8/Storage | Discovered new exit (range 17) 4976 | -8/Storage | Repaired Lgt. Nuclear Core 5073 | -8/Storage | Build established: Skirmisher 5093 | -8/Storage | Discovered new exit (range 15) 5114 | -8/Storage | Assisted by bots powering up and referring to "LRC-V3" 5184 | -8/Storage | Entered Factory 5184 | -7/Factory | Accompanied by 10 allies 5184 | -7/Factory | Evolved 2 slots: Utility x2 5186 | -7/Factory | FarCom data flow suspended 5478 | -7/Factory | Build established: Commander-Tank 5515 | -7/Factory | Repaired Imp. Titanium Leg 5658 | -7/Factory | Identified exit to Lower Caves 5720 | -7/Factory | Allied Derelicts emerged from ambush trap array 5803 | -7/Factory | Repaired Imp. Titanium Leg 6138 | -7/Factory | Entered Lower Caves 6138 | -7/Lower Caves | Accompanied by 10 allies 6147 | -7/Lower Caves | Learned location of Extension (-6) 6516 | -7/Lower Caves | Encountered a Warlord checkpoint 6655 | -7/Lower Caves | Spotted B-75 Beast 6948 | -7/Lower Caves | Discovered new exit (range 10) 7033 | -7/Lower Caves | Found Alien Artifact 7033 | -7/Lower Caves | Identified Core Expander 7033 | -7/Lower Caves | Installed Core Expander, added new Weapon slot 7072 | -7/Lower Caves | Entered another Lower Caves area 7072 | -7/Lower Caves | Accompanied by 5 allies 7094 | -7/Lower Caves | Encountered a Warlord checkpoint 7294 | -7/Lower Caves | Build established: Commander-Mutant 7433 | -7/Lower Caves | Discovered new exit (range 15) 7434 | -7/Lower Caves | Spotted LQ-F15(f) 7435 | -7/Lower Caves | Encountered a Master Thief 7436 | -7/Lower Caves | Spotted CS-28V(f) 7437 | -7/Lower Caves | Encountered a Master Thief 7437 | -7/Lower Caves | Spotted 3W-40P(f) 7438 | -7/Lower Caves | Encountered a Master Thief 7438 | -7/Lower Caves | Spotted 5W-6J4(f) 7438 | -7/Lower Caves | Cloak of Protection stolen by Master Thief 7439 | -7/Lower Caves | Encountered a Master Thief 7439 | -7/Lower Caves | Deploy-a-Sentry stolen by Master Thief 7441 | -7/Lower Caves | Deploy-a-Sentry stolen by Master Thief 7441 | -7/Lower Caves | Allies destroyed LQ-F15(f) 7460 | -7/Lower Caves | Rewired 3W-40P(f) 7525 | -7/Lower Caves | Entered Zion 7525 | -7/Zion | Accompanied by 6 allies 7590 | -7/Zion | System corruption cleaned by Quarantine Array 7620 | -7/Zion | Discovered new exit (range 16) 7625 | -7/Zion | Acquired unknown access codes intercepted by a Zionite 7738 | -7/Zion | Build established: Commander-Tank 7915 | -7/Zion | Found CR-A16's Pointy Stick 7988 | -7/Zion | Learned 4 Factory zone layouts 7999 | -7/Zion | Learned 4 Factory zone layouts 8064 | -7/Zion | Learned location of Armory (-4) 8121 | -7/Zion | Discovered new exit (range 15) 8248 | -7/Zion | Given A8's code to call for help 8304 | -7/Zion | Learned location of Warlord (-5) 8618 | -7/Zion | Visited the Megawrench Repair Shop 8619 | -7/Zion | Build established: Commander-Mutant 8733 | -7/Zion | Opened final containment barrier to the Deep Caves 8753 | -7/Zion | Saw the warning signs outside the Deep Caves entrance 9211 | -7/Zion | Found Prototype Processor 9211 | -7/Zion | Identified Spectral Analyzer 9214 | -7/Zion | Found Prototype Processor 9214 | -7/Zion | Identified Exp. Melee Analysis Suite 9218 | -7/Zion | Found Prototype Processor 9218 | -7/Zion | Identified Exp. Signal Interpreter 9221 | -7/Zion | Found Prototype Processor 9221 | -7/Zion | Identified Exp. Terrain Scan Processor 9229 | -7/Zion | Found Exp. Core Analyzer 9490 | -7/Zion | Megawrench repaired 12 parts 9597 | -7/Zion | Entered Deep Caves 9597 | -7/Deep Caves | Accompanied by 6 allies 9859 | -7/Deep Caves | Build established: Commander-Tank 9888 | -7/Deep Caves | DAS Turret deployed 9930 | -7/Deep Caves | Attacked by Z-Imprinter 9944 | -7/Deep Caves | Destroyed 3W-40P(f) 9954 | -7/Deep Caves | Allies destroyed Z-Imprinter 10003 | -7/Deep Caves | Found Prototype Protection 10003 | -7/Deep Caves | Identified Zio. Weapon Casing 10140 | -7/Deep Caves | Z-Facility disabled 10200 | -7/Deep Caves | Lost 4 parts (1p2u1w) 10222 | -7/Deep Caves | Found Zio. Weapon Casing 10263 | -7/Deep Caves | Found Prototype Protection 10263 | -7/Deep Caves | Identified Zio. Heavy Carapace 10287 | -7/Deep Caves | Found Zio. Heavy Carapace 10428 | -7/Deep Caves | Found Surveybot 24 Scanner 10434 | -7/Deep Caves | Found Surveybot 24 Chip 10510 | -7/Deep Caves | Discovered new exit (range 7) 10549 | -7/Deep Caves | Entered Proximity Caves 10628 | -6/Proximity Caves | Attracted the attention of an 0b10 checkpoint 10832 | -6/Proximity Caves | Build established: Gunner 10927 | -6/Proximity Caves | Learned Factory stockpile data 11176 | -6/Proximity Caves | Lost 4 parts (1n2u1w) 11239 | -6/Proximity Caves | Spotted B-75 Beast 11421 | -6/Proximity Caves | Build established: Mutant 11473 | -6/Proximity Caves | Discovered new exit (range 8) 11515 | -6/Proximity Caves | Lost 4 parts (1n3w) 11518 | -6/Proximity Caves | Entered Factory 11518 | -6/Factory | Evolved 2 slots: Utility x2 11519 | -6/Factory | Identified exit to Factory 11519 | -6/Factory | Identified exit to Extension 11992 | -6/Factory | Repaired Kinecellerator 12014 | -6/Factory | Build established: Scavenger-Gunner 12082 | -6/Factory | Discovered exit to Extension (range 6) 12087 | -6/Factory | Entered Extension 12600 | -6/Extension | Rescued a captive Derelict 12702 | -6/Extension | Rescued a captive Derelict 12702 | -6/Extension | Rescued a captive Derelict 12815 | -6/Extension | Rescued A7 12893 | -6/Extension | Build established: Scavenger-Mutant 13113 | -6/Extension | Spotted B-75 Beast 13127 | -6/Extension | Destroyed B-75 Beast 13159 | -6/Extension | Spotted B-75 Beast 13188 | -6/Extension | Destroyed B-75 Beast 13411 | -6/Extension | Build established: Scavenger-Gunner 13592 | -6/Extension | Extracted ID and sensor layout for unrecognized location from A7's data core 13669 | -6/Extension | Rescued a captive Derelict 13758 | -6/Extension | Rescued a captive Derelict 13759 | -6/Extension | Rescued a captive Derelict 13816 | -6/Extension | Rescued a captive Derelict 13817 | -6/Extension | Rescued a captive Derelict 13831 | -6/Extension | Rescued a captive Derelict 13871 | -6/Extension | Discovered exit to Factory (range 10) 13873 | -6/Extension | Discovered new exit (range 6) 13916 | -6/Extension | Entered Cetus 13916 | -6/Cetus | Accompanied by 12 allies 13936 | -6/Cetus | Spotted Cetus Guard 13937 | -6/Cetus | Spotted Cetus Guard 13937 | -6/Cetus | Spotted Cetus Guard 13939 | -6/Cetus | Spotted Cetus Guard 13958 | -6/Cetus | Destroyed Cetus Guard 13978 | -6/Cetus | Destroyed Cetus Guard 13984 | -6/Cetus | Destroyed Cetus Guard 13990 | -6/Cetus | Destroyed Cetus Guard 14018 | -6/Cetus | Lost 7 parts (1p3u3w) 14142 | -6/Cetus | Discovered new exit (range 16) 14295 | -6/Cetus | Build established: Scavenger-Tank 14348 | -6/Cetus | Spotted Cetus Guard 14348 | -6/Cetus | Spotted Cetus Guard 14352 | -6/Cetus | Destroyed Cetus Guard 14353 | -6/Cetus | Spotted Cetus Guard 14356 | -6/Cetus | Destroyed Cetus Guard 14357 | -6/Cetus | Spotted Cetus Guard 14370 | -6/Cetus | Destroyed Cetus Guard 14386 | -6/Cetus | Destroyed Cetus Guard 14414 | -6/Cetus | Met Revision 17 14647 | -6/Cetus | Entered Archives 14733 | -6/Archives | Met Zhirov 14739 | -6/Archives | Reinforcements dispatched to Archives 14747 | -6/Archives | Read partially decrypted archive contents 14748 | -6/Archives | Identified exit to Hub_04(d) 14750 | -6/Archives | Discovered exit to Hub_04(d) (range 15) 14784 | -6/Archives | Reinforcements dispatched to Archives 14786 | -6/Archives | Zhirov warped through subspace 14802 | -6/Archives | Entered Hub_04(d) 14950 | -6/Hub_04(d) | Discovered exit to Factory (range 9) 15007 | -6/Hub_04(d) | Network Hub disabled 15018 | -6/Hub_04(d) | Entered Factory 15018 | -5/Factory | Evolved 2 slots: Power x1, Propulsion x1 15678 | -5/Factory | Repaired Hvy. Plasma Cannon 15729 | -5/Factory | Repaired Centrium Medium Armor Plating 15800 | -5/Factory | Repaired Broken Flexi-carbon Leg 15883 | -5/Factory | Found Prototype Launcher 15883 | -5/Factory | Identified Tesla Bomb Launcher 15957 | -5/Factory | Cargo convoy interrupted 16218 | -5/Factory | First assault squad dispatched 16307 | -5/Factory | Core integrity fell below 50% 16314 | -5/Factory | Core integrity fell below 20% 16318 | -5/Factory | Destroyed by X-67 Chaingunner with Heavy Machine Gun Last Messages --------------- 16304_ Dropped Cloak of Protection. 16304_ H-71 Marshal calls for reinforcements. 16304_ ALERT: Suspicious intruders detected, dispatching Specialist reinforcements to area. 16304_ Slug penetrates G-67 Veteran. 16304_ G-67 Veteran knocked back. 16306_ Penetrated by Slug. 16307_ Acquired Flexi-carbon Leg. 16308_ Penetrated by Slug. 16309_ Adv. Cooling System destroyed. 16309_ Flexi-carbon Leg destroyed. 16310_ S-27 Virus destroyed. 16310_ Acquired Surveybot 24 Scanner. 16312_ Slug penetrates Wall. 16313_ Critical hit (Burn: +50). 16313_ Penetrated by Slug. 16313_ Knocked back. 16314_ Slug penetrates Wall. 16314_ Acquired 1 matter. 16316_ >> DECODED: Tesla Bomb Trap location. Map ----- +----------------------------------------------------+ | ????????????????????????????m????????????????????? | | ?????????????????????????????????????????????????? | | ????????????????????????R????????????????????????? | | ?????????????????????????????????????????????????? | | ?????????????????????????????????????????????????? | | ?????????????????????????????????????????????????? | | ?????????????????????????????????????????????????? | | ?????????????????????????????????????????????????? | | ?????????????????????????????????????????????????? | | ?????????????????????????????????????????????????? | | ?????????????????????????????????????????????????? | | ??????????????????????????##?????????????????????? | | ????????????????????# ???? ?????????????????????? | | ????????????????????# ???? ?????????????????????? | | ???????????????????? ??? "?????????????????????? | | ????????????????????# "F" "?????????????????????? | | ????????????????????# " ""????????????????????? | | ????????????????????# """ ???????????????????? | | ????????????######### """ ""????????????????????? | | ???????????? ""????????????????????? | | ???????????? x "?????????????????????? | | ??????????? x ?????????????????????? | | ?????????????? !??????????????????????? | | ????????????????? !% !??????????????????????? | | ????????????????????#!!! #??????????????????????? | | ????????????????????#%!! @###????????????????????? | | ???????????????????##%=[=[# #????????????????????? | | ???????????????????#;=%=%! ##????????????????????? | | ???????????????????##*!%* #????????????????????? | | ???????????????????#;! =% #?????????????=??????? | | ???????????????????## %!= ###????????????????????? | | ???????????????????# ^^%/ ;#?????????????????????? | | ???????????????????## ggs##?????????????????????? | | ???????????????????## ;##????????????????????? | | ???????????????????##!| s g"############?????????? | | ??????????+?######?##%=%[H% #?????????? | | ????????????? ??#=![%H; #?????????? | | ?????????????? *# [!!;% !#?????????? | | ??????????????"""" ?# %[ ;]![ #?????????? | | ?????????????""""" # %h#*!! #?????????? | | ?????????????""""" " "% % #?????????? | | ?????????????""""" " % " #?????????? | | ????????? # %% #% ! #?????????? | | ???????# """""" # %#* %! #???????^?? | | ??????????? """""" # #% #?????????? | | ??????????????"""" ?#m # #?????????? | | ??????????????"""" ?# # ! #?????????? | | ?????????????? ??# ######"####+#"#????????? | | ??????????????###???# #?????##??#]#? #???????? | | ######??############# #?????????# #??????????? | +----------------------------------------------------+ Best States ------------- Heat Dissipation 84 Energy Generation 37 Energy Capacity 450 Matter Stores 300 Matter Capacity 300 Sight Range 16 Terrain Scan Range 24 Terrain Scan Density 210 Corruption Block 15 Armor Coverage 1200 Weapon Shielding 100 Phase Shifting 5 Evasion (%) 60 Targeting Accuracy 5 Core Analysis 8 Recoil Reduction 4 Matter Filtering 50 Kinecelleration 30 Offensive Hacking 10 Authchip Count 1 Item Schematics ----------------- Transport Network Coupler | -9/Materials | Scanalyzed Carbon-fiber Leg | -8/Storage | Hacked Mak. Spear | -7/Zion | Archive Lgt. Angular Momentum Engine | -7/Zion | Archive Transmission Jammer | -7/Zion | Archive Magnetic Acceleration Cannon | -7/Zion | Archive Hvy. Rocket Launcher | -7/Zion | Archive Cloaking Device | -7/Zion | Archive Matter Filter | -7/Zion | Archive Imp. Transmission Jammer | -7/Zion | Archive Recoil Nullifier | -7/Zion | Archive Gatling Laser | -7/Zion | Archive Imp. Trap Scanner | -7/Zion | Archive Arc Thrower | -7/Zion | Archive Core Analyzer | -7/Zion | Archive Mak. Laser | -7/Zion | Archive Imp. Medium Treads | -7/Zion | Archive Adv. Terrain Scan Processor | -5/Factory | Scanalyzed Exp. Heat Sink | -5/Factory | Scanalyzed Centrium Medium Armor Plating | -5/Factory | Scanalyzed Robot Schematics ------------------ A-02 Transporter | -7/Zion | Archive G-47 Trooper | -7/Zion | Archive S-27 Virus | -7/Zion | Archive H-88 Terminator | -7/Zion | Archive Fabricated ------------ Nothing Alien Tech Used ----------------- Core Expander Achievements -------------- None Challenges ------------ None Game ------ Seed KineticResetCutter Manual? 0 Play Time 03:22:27 Cumulative 239.0 hours Start 2022.10.31 @ 19:30:48 End 2022.11.02 @ 00:18:13 Sessions 3 Manual Loads 0 Difficulty Rogue Special Mode None Game No. 163 Rogue 140 Adventurer 6 Explorer 17 Win Type - Total 17 Types 10/0/3/1/0/1/1/1/0 Lore% 92 Gallery% 92 Achievement% 71 Wizard Run 0 Options --------- ASCII 0 Keyboard 0 Movement Numpad Keybinds 0 Fullscreen 1 Font 12/Fuzzy Map View 83x54 Tactical HUD 1 Map Filters NONE Filters NONE Steam 1 RUN: b60af082-01b2-495a-8a7a-80eafab92720